 Dungeon Sprint DCSS version 0.19.0-23-gf02e663 (webtiles) character file.

14500000 Groucho the Intangible (level 27, -85/298 HPs)
             Began as a Deep Dwarf Berserker on Nov 19, 2016.
             Was the Champion of Makhleb.
             Annihilated by a fleshlord
             ... wielding a +9 great mace
              (90 damage)
             ... in the Dungeon (Sprint VIII: "Arena of Blood").
             The game lasted 00:07:17 (145 turns).

Groucho the Intangible (Deep Dwarf Berserker)        Turns: 145, Time: 00:07:18

Health: -85/298    AC:  4    Str: 22    XL:     27
Magic:  44/54      EV: 35    Int: 11    God:    Makhleb [******]
Gold:   0          SH:  0    Dex: 21    Spells: 0 memorised, 80 levels left

rFire  . . .     SeeInvis .     k - +∞ Axe of Woe
rCold  . . .     Gourm    .     b - +0 animal skin
rNeg   + . .     Faith    .     (shield currently unavailable)
rPois  .         Spirit   .     (no helmet)
rElec  .         Reflect  .     (no cloak)
rCorr  .         Harm     .     (no gloves)
MR     ++++.     NoTele   +     (no boots)
Stlth  +++++++++.               (no amulet)
                                (no ring)
                                (no ring)

@: lethally poisoned (-85 -> -86), very slightly contaminated, non-regenerating,
hasted and slowed
A: damage resistance, recharge devices, negative energy resistance 1, sense
surroundings 3, slow regeneration 3
a: Device Recharging, Minor Destruction, Lesser Servant of Makhleb, Major
Destruction, Greater Servant of Makhleb, Renounce Religion


You were in the Dungeon.
You worshipped Makhleb.
Makhleb was exalted by your worship.
You were not hungry.

You visited 1 branch

Inventory:

Hand Weapons
 a - a +0 hand axe
 k - the +∞ Axe of Woe (weapon)
   (You found it in the Dungeon)
Armour
 b - a +0 animal skin (worn)
Wands
 c - a wand of heal wounds (4/9)
Scrolls
 j - a scroll of blinking
Potions
 e - a potion of curing
 f - a potion of heal wounds
 h - 2 potions of magic
 i - a potion of berserk rage
Comestibles
 d - a bread ration


   Skills:
 O Level 27 Fighting
 O Level 27 Axes
 O Level 27 Throwing
 O Level 27 Armour
 O Level 27 Dodging
 O Level 27 Stealth
 O Level 27 Unarmed Combat
 O Level 27 Spellcasting
 O Level 27 Invocations
 O Level 27 Evocations


You had 80 spell levels left.
You didn't know any spells.

Dungeon Overview and Level Annotations

Branches:
Dungeon (1/1)

Altars:
Makhleb


Innate Abilities, Weirdness & Mutations

You are resistant to damage.
You can recharge devices by infusing magical energy.
You resist negative energy. (rN+)
You passively map a large area around you.
You do not regenerate.


Message History

The fleshlord gestures at you while chanting.
You barely resist.
You feel something staring at you.
A fireball appears from out of thin air!
The fireball explodes!
Deactivating autopickup; reactivate with Ctrl-A.
The fireball engulfs you!
* * * LOW HITPOINT WARNING * * *
The fireball engulfs the fleshlord.
The fleshlord completely resists.
You hear a shout!
You feel something staring at you. Something smites you!
* * * LOW HITPOINT WARNING * * *
You hear a shout!
The dread calls on the powers of darkness!
The fleshlord convulses! x3; Your body is wracked with pain!
The eight-headed meat hydra convulses!
The bag of meat convulses!
The fleshlord convulses!
The tyrant gestures wildly while chanting.
The fleshlord hits you with a +9 great mace!!!!
You die...

,, , ,...., ,.o ,,
, , , ... ...,,
,,, , , , #.., ..#
, , , , , ,, . #%.
..# . , ,,
,..###..,,,.%###o.
, ,
.....%D###.W..z.,
,,
*....{.))_)%..p..
, , ,
....§#))p)p#....,
, * , , V..
#_§@)_# . , ,,,
,..oD.#)§§§o#....
, , ,,
......o§§§D......
, , , ,
.....Mp###...%...
* ,,..###%o
,,L.###.., , , ,,
, ., #%x,, ..# .
,, , ,, ,,, #..
..# , , , ... ,
... * , ...., ....
, ,* ,


You could see an accursed, a tyrant, 2 eight-headed meat hydras, 4 fleshlords, a
sculptor of flesh, a dread, 4 bags of meat and a crawling corpse.

Vanquished Creatures
  6 hell knights (D)
  Sigmund (D)
  4 hell beasts (D)
  10 greater mummies (D)
  5 great orbs of eyes (D)
  9 wraiths (D)
  Harold (D)
  18 vampire knights (D)
  40 ogres (D)
  7 liches (D)
  3 hydras (D)
  65 orcs (D)
  6 phantoms (D)
  10 hill giants (D)
  4 skeletal warriors (D)
  4 sea snakes (D)
  11 large abominations (D)
  8 small abominations (D)
  9 crawling corpses (D)
221 creatures vanquished.

Vanquished Creatures (others)
  An ogre (D)
  2 orcs (D)
  7 crawling corpses (D)
10 creatures vanquished.

Grand Total: 231 creatures vanquished

Notes
Turn   | Place    | Note
-------+----------+-------------------------------------------
     0 | D        | Groucho the Deep Dwarf Berserker began the quest for the Orb.
     0 | D        | Reached XP level 1. HP: 20/20 MP: 1/1
     4 | D        | Noticed a bag of meat
     5 | D        | Fell from the grace of Trog
     5 | D        | Became a worshipper of Makhleb the Destroyer
     7 | D        | Noticed a bag of meat
     8 | D        | Noticed a meat berserker
     9 | D        | Killed a bag of meat
     9 | D        | Reached XP level 2. HP: 27/27 MP: 2/2
     9 | D        | Reached XP level 3. HP: 33/33 MP: 3/3
     9 | D        | Reached XP level 4. HP: 40/40 MP: 4/4
     9 | D        | Reached XP level 5. HP: 46/46 MP: 5/5
     9 | D        | Reached XP level 6. HP: 55/55 MP: 6/6
     9 | D        | Reached XP level 7. HP: 61/61 MP: 7/7
     9 | D        | Reached XP level 8. HP: 68/68 MP: 8/8
     9 | D        | Gained mutation: You passively map the area around you. [Deep Dwarf growth]
     9 | D        | Reached XP level 9. HP: 74/74 MP: 9/9
     9 | D        | Reached XP level 10. HP: 81/81 MP: 10/10
     9 | D        | Reached XP level 11. HP: 88/88 MP: 11/11
    12 | D        | Noticed a bag of meat
    12 | D        | Noticed a bag of meat
    12 | D        | Killed a meat berserker
    12 | D        | Reached * piety under Makhleb
    12 | D        | Reached XP level 12. HP: 58/96 MP: 12/12
    12 | D        | Reached XP level 13. HP: 62/102 MP: 13/13
    12 | D        | Killed a bag of meat
    12 | D        | Reached skill level 27 in Axes
    12 | D        | Reached skill level 27 in Dodging
    12 | D        | Reached skill level 5 in Invocations
    12 | D        | Gained mutation: You resist negative energy. (rN+) [Deep Dwarf growth]
    12 | D        | Reached XP level 14. HP: 73/120 MP: 13/18
    16 | D        | Noticed a bag of meat
    16 | D        | Noticed a bag of meat
    17 | D        | Noticed a bag of meat
    17 | D        | Killed a bag of meat
    18 | D        | Killed a bag of meat
    18 | D        | Reached ** piety under Makhleb
    18 | D        | Reached skill level 15 in Invocations
    18 | D        | Reached XP level 15. HP: 131/157 MP: 13/26
    19 | D        | Noticed a meat berserker
    21 | D        | Killed a meat berserker
    22 | D        | Reached XP level 16. HP: 179/186 MP: 14/31
    22 | D        | Reached *** piety under Makhleb
    24 | D        | Noticed a meat berserker
    25 | D        | Noticed a meat berserker
    25 | D        | Reached skill level 27 in Fighting
    25 | D        | Reached skill level 27 in Invocations
    25 | D        | Reached skill level 1 in Evocations
    25 | D        | Reached XP level 17. HP: 208/208 MP: 15/34
    26 | D        | Noticed a meat berserker
    27 | D        | Reached **** piety under Makhleb
    27 | D        | Reached skill level 5 in Spellcasting
    28 | D        | Noticed a meat berserker
    28 | D        | Noticed a large bag of meat
    28 | D        | Reached skill level 10 in Armour
    29 | D        | Noticed a destroyer
    30 | D        | Noticed a destroyer
    30 | D        | Noticed a large bag of meat
    30 | D        | Killed a meat berserker
    30 | D        | Gained mutation: You passively map a large area around you. [Deep Dwarf growth]
    30 | D        | Reached XP level 18. HP: 218/218 MP: 16/35
    30 | D        | Killed a meat berserker
    30 | D        | Reached ***** piety under Makhleb
    30 | D        | Reached skill level 15 in Throwing
    30 | D        | Reached skill level 15 in Unarmed Combat
    31 | D        | Killed a meat berserker
    31 | D        | Reached XP level 19. HP: 226/226 MP: 16/39
    31 | D        | Killed a meat berserker
    32 | D        | Noticed a meat berserker
    33 | D        | Noticed a meat berserker
    33 | D        | Killed a destroyer
    33 | D        | Reached skill level 27 in Evocations
    33 | D        | Reached XP level 20. HP: 112/236 MP: 16/43
    35 | D        | Noticed a destroyer
    36 | D        | Killed a meat berserker
    36 | D        | Reached skill level 27 in Armour
    36 | D        | Reached ****** piety under Makhleb
    36 | D        | Reached XP level 21. HP: 244/244 MP: 17/47
    36 | D        | Killed a destroyer
    37 | D        | Noticed a destroyer
    37 | D        | Killed a destroyer
    37 | D        | Reached skill level 27 in Throwing
    37 | D        | Reached skill level 27 in Unarmed Combat
    37 | D        | Reached skill level 27 in Spellcasting
    38 | D        | Killed a destroyer
    38 | D        | Reached skill level 27 in Stealth
    38 | D        | Reached XP level 22. HP: 245/254 MP: 17/53
    39 | D        | Noticed a destroyer
    41 | D        | Killed a destroyer
    41 | D        | Reached XP level 23. HP: 245/262 MP: 18/54
    42 | D        | Noticed a destroyer
    43 | D        | Noticed a destroyer
    47 | D        | Killed a destroyer
    47 | D        | Reached XP level 24. HP: 272/272 MP: 20/54
    49 | D        | Noticed a destroyer
    49 | D        | Noticed an accursed
    52 | D        | Noticed a destroyer
    53 | D        | Noticed a destroyer
    54 | D        | Noticed a tyrant
    54 | D        | Killed a destroyer
    54 | D        | Reached XP level 25. HP: 280/280 MP: 22/54
    55 | D        | Noticed a destroyer
    56 | D        | Killed a destroyer
    57 | D        | Noticed a destroyer
    57 | D        | Noticed an accursed
    58 | D        | Noticed a tyrant
    58 | D        | Killed a destroyer
    58 | D        | Reached XP level 26. HP: 290/290 MP: 23/54
    59 | D        | Killed an accursed
    61 | D        | Killed a destroyer
    61 | D        | Reached XP level 27. HP: 298/298 MP: 24/54
    61 | D        | Killed a destroyer
    62 | D        | Noticed an accursed
    65 | D        | Noticed a tyrant
    65 | D        | Noticed an accursed
    67 | D        | Killed a tyrant
    68 | D        | Noticed a destroyer
    68 | D        | Noticed a destroyer
    69 | D        | Noticed a dread
    70 | D        | Noticed a tyrant
    71 | D        | Noticed The Servant
    71 | D        | Killed a destroyer
    72 | D        | Noticed a dread
    73 | D        | Killed a destroyer
    73 | D        | Killed a destroyer
    74 | D        | Killed an accursed
    74 | D        | Noticed a meat beast
    75 | D        | Killed a tyrant
    75 | D        | Killed a dread
    75 | D        | Killed an accursed
    76 | D        | Noticed a tyrant
    76 | D        | Noticed a destroyer
    77 | D        | Noticed a tyrant
    77 | D        | Killed a meat beast
    77 | D        | Killed a destroyer
    78 | D        | Noticed a dread
    80 | D        | Noticed an accursed
    81 | D        | Noticed a dread
    84 | D        | Killed a tyrant
    85 | D        | Killed a dread
    85 | D        | Killed an accursed
    85 | D        | Killed a tyrant
    87 | D        | Noticed The Captor
    87 | D        | Killed a tyrant
    87 | D        | Killed a dread
    87 | D        | Noticed a meat beast
    89 | D        | Noticed a destroyer
    90 | D        | Killed a meat beast
    92 | D        | Noticed a dread
    95 | D        | Noticed a tyrant
    95 | D        | Killed The Servant
    95 | D        | Killed a destroyer
    97 | D        | Killed a dread
    99 | D        | Killed an accursed
    99 | D        | Killed a tyrant
   101 | D        | Noticed an accursed
   101 | D        | Noticed an accursed
   103 | D        | Killed a dread
   107 | D        | Killed a tyrant
   109 | D        | Noticed a meat beast
   110 | D        | Killed The Captor
   112 | D        | Killed an accursed
   113 | D        | Killed a meat beast
   114 | D        | Noticed a dread
   114 | D        | Killed an accursed
   115 | D        | Noticed a dread
   115 | D        | Noticed an accursed
   116 | D        | Noticed an accursed
   117 | D        | Noticed a dread
   118 | D        | Noticed an accursed
   118 | D        | Noticed a dread
   118 | D        | Noticed a destroyer
   120 | D        | Killed a dread
   120 | D        | Killed a dread
   121 | D        | Noticed a destroyer
   121 | D        | Noticed a fleshlord
   121 | D        | Killed a fleshlord
   122 | D        | Noticed a meat beast
   122 | D        | Noticed a dread
   122 | D        | Noticed a fleshlord
   122 | D        | Killed a destroyer
   124 | D        | Noticed a fleshlord
   124 | D        | Killed a dread
   126 | D        | Killed a meat beast
   127 | D        | Killed an accursed
   128 | D        | Noticed a fleshlord
   128 | D        | Killed an accursed
   128 | D        | Killed a destroyer
   132 | D        | Noticed a fleshlord
   132 | D        | Noticed a fleshlord
   133 | D        | Noticed a fleshlord
   133 | D        | Killed a fleshlord
   134 | D        | Noticed a tyrant
   136 | D        | Noticed an accursed
   137 | D        | Killed a dread
   138 | D        | Noticed a fleshlord
   138 | D        | Killed a fleshlord
   141 | D        | Noticed a fleshlord
   141 | D        | Killed an accursed
   143 | D        | Noticed a fleshlord
   143 | D        | HP: 14/296 [??? (7)]
   144 | D        | Killed a fleshlord
   144 | D        | Killed a fleshlord
   144 | D        | Killed a fleshlord
   145 | D        | HP: 5/298 [something (7)]
   145 | D        | Annihilated by a fleshlord

Skill      XL: |  1  2  3  4  5  6  7  8  9 10 11 12 13 14 15 16 17 18 19 20 21 |
---------------+----------------------------------------------------------------+-----
Axes           | 21 25 27 | 27.0
Dodging        | 21 25 27 | 27.0
Fighting       | 6 16 22 27 | 27.0
Invocations    | 5 15 22 27 | 27.0
Evocations     | 1 16 22 27 | 27.0
Throwing       | 12 17 20 24 27 | 27.0
Armour         | 14 20 23 27 | 27.0
Unarmed Combat | 12 17 20 24 27 | 27.0
Spellcasting   | 11 16 19 22 27 | 27.0
Stealth        | 27 | 27.0

Action                   |  1- 3 |  4- 6 |  7- 9 | 10-12 | 13-15 | 16-18 | 19-21 | 22-24 | 25-27 || total
-------------------------+-------+-------+-------+-------+-------+-------+-------+-------+-------++-------
Melee: Executioner's axe |     1 |       |       |     1 |     4 |     6 |     5 |    10 |    76 ||   103
Evoke: Wand              |       |       |       |       |       |       |       |       |     1 ||     1
  Use: Potion            |       |       |       |       |       |       |       |       |     1 ||     1
Dodge: Dodged            |       |       |       |       |       |     1 |       |     1 |    13 ||    15
